 Dungeon Crawl Stone Soup version 0.21-a0-536-gdbbf329 (webtiles) character file.

217 slep the Chopper (level 5, -1/39 HPs)
             Began as a Demonspawn Gladiator on Dec 15, 2017.
             Succumbed to a worker ant's poison
             ... on level 4 of the Dungeon.
             The game lasted 00:08:12 (1900 turns).

slep the Chopper (Demonspawn Gladiator)             Turns: 1900, Time: 00:08:12

Health: -1/39      AC:  6    Str: 14    XL:     5   Next: 62%
Magic:  1/5        EV: 12    Int: 15    God:
Gold:   107        SH:  0    Dex: 15    Spells: 4/4 levels left

rFire    . . .     SeeInvis .   a - +0 war axe
rCold    . . .     Gourm    .   (no shield)
rNeg     . . .     Faith    .   q - +0 ring mail
rPois    .         Spirit   +   c - +0 helmet
rElec    .         Reflect  .   (no cloak)
rCorr    .         Harm     .   (no gloves)
MR       .....                  (no boots)
Stlth    +.........             n - amulet of guardian spirit
HPRegen  0.13/turn              m - ring of flight
MPRegen  0.09/turn              (no ring)

@: brilliant, lethally poisoned (-1 -> -20)
A: claws 1, foul stench 2, rot immunity
a: Evoke Flight


You were on level 4 of the Dungeon.
You were hungry.

You visited 1 branch of the dungeon, and saw 4 of its levels.

You collected 107 gold pieces.

Inventory:

Hand Weapons
 a - a +0 war axe (weapon)
Missiles
 d - 4 throwing nets (quivered)
Armour
 b - a +0 leather armour
 c - a +0 helmet (worn)
 q - a +0 ring mail (worn)
Jewellery
 m - a ring of flight (left claw)
 n - an amulet of guardian spirit (around neck)
Scrolls
 i - 3 scrolls of remove curse {unknown}
 k - a scroll of amnesia {unknown}
 l - 2 scrolls of teleportation {unknown}
 o - a scroll of identify {unknown}
 p - a scroll of enchant weapon {unknown}
 v - a scroll of blinking {unknown}
Potions
 e - a potion of heal wounds {unknown}
 h - a potion of magic {unknown}
 j - a potion of brilliance
 r - a potion of might {unknown}
 s - a potion of ambrosia {unknown}
 t - a potion of agility {unknown}
Comestibles
 f - 2 bread rations
 g - a meat ration
 u - a chunk of flesh


   Skills:
 + Level 2.7 Fighting
 + Level 4.8 Axes
 + Level 2.0 Throwing
 + Level 1.4 Armour
 + Level 3.1 Dodging
 + Level 0.1 Stealth


You had 4 spell levels left.
You didn't know any spells.

Dungeon Overview and Level Annotations

Branches:
Dungeon (4/15)
 Temple: D:4-7

Altars:
Hepliaklqana

Shops:
D:4 *

Annotations:
D:2 Robin


Innate Abilities, Weirdness & Mutations

You have sharp fingernails.
You frequently emit foul miasma when damaged in melee.
You are immune to rotting.


Message History

You hit the worker ant.
The worker ant is severely wounded.
You feel sick. The worker ant misses you.
You closely miss the worker ant.
The worker ant is severely wounded.
* * * LOW HITPOINT WARNING * * *
You feel sick. The worker ant bites you.
* * * LOW HITPOINT WARNING * * *
You are more poisoned.
The worker ant poisons you! The worker ant barely misses you.
You closely miss the worker ant.
The worker ant is severely wounded.
* * * LOW HITPOINT WARNING * * *
You feel sick. The worker ant bites you!
* * * LOW HITPOINT WARNING * * *
You emit a cloud of foul miasma!
Unknown command.
It was a potion of brilliance.
You feel clever all of a sudden.
You die...

.. . ###.. ..
..#.. .# .#
#..... # .# #..+
.... .#.#.#..#
#..#...#.....
###..#......#
#....@....#.#.
##.....a......#
........<....#.
.##.......).....
................
............##..
..#.........%. .
.............∩.
.#........#....


You could see a worker ant.

Vanquished Creatures
  An ice beast (D:3)
  A gnoll (D:3)
  5 adders
  An ooze (D:1)
  2 dart slugs (D:1)
  2 leopard geckos (D:3)
  An orc (D:3)
  2 giant cockroaches (D:3)
  10 goblins
  8 hobgoblins (D:1)
  3 jackals
  A quokka (D:3)
  8 bats
  5 frilled lizards
  8 kobolds
  6 rats
64 creatures vanquished.

Notes
Turn   | Place    | Note
-------+----------+-------------------------------------------
     0 | D:1      | slep the Demonspawn Gladiator began the quest for the Orb.
     0 | D:1      | Reached XP level 1. HP: 16/16 MP: 1/1
   318 | D:1      | Gained mutation: You are immune to rotting. [demonic ancestry]
   318 | D:1      | Reached XP level 2. HP: 22/22 MP: 2/2
   370 | D:1      | Reached skill level 3 in Axes
   510 | D:1      | Gained mutation: You may emit foul miasma when damaged in melee. [demonic ancestry]
   510 | D:1      | Reached XP level 3. HP: 17/28 MP: 1/3
   870 | D:2      | Noticed Robin
  1212 | D:2      | Gained mutation: You frequently emit foul miasma when damaged in melee. [demonic ancestry]
  1212 | D:2      | Reached XP level 4. HP: 28/34 MP: 4/4
  1216 | D:3      | Noticed an ice beast
  1229 | D:3      | Killed an ice beast
  1229 | D:3      | Reached skill level 4 in Axes
  1229 | D:3      | Reached skill level 1 in Armour
  1229 | D:3      | Gained mutation: You have sharp fingernails. [demonic ancestry]
  1229 | D:3      | Reached XP level 5. HP: 16/39 MP: 2/5
  1846 | D:3      | Found a hazy altar of Hepliaklqana.
  1881 | D:4      | Found Laiq Wedd's Assorted Antiques.
  1899 | D:4      | HP: 1/39 [worker ant (5)]
  1900 | D:4      | Succumbed to a worker ant's poison

Vault maps used:
D:1:      mrwooster_arrival_statue_2
D:2:      uniq_robin, uniq_jessica
D:3:      nicolae_overflow_hidden_temple, led_sif_book
D:4:      elyvilon_altar_5, serial_shops, shop, shop, shop,
          kennysheep_mini_moat, nicolae_shop_crystal,
          cheibrodos_sewer_entry_bend, first_bread

Skill      XL: |  1  2  3  4 |
---------------+-------------+-----
Axes           | 3 4 |  4.8
Throwing       | 2 |  2.0
Armour         | 1 |  1.4
Dodging        | 3 |  3.1
Fighting       | |  2.7
Stealth        | |  0.1

Action                   |  1- 3 |  4- 6 || total
-------------------------+-------+-------++-------
Melee: War axe           |   118 |   101 ||   219
  Use: Potion            |       |     1 ||     1
  Eat: Chunk             |     1 |     2 ||     3
Armor: Leather armour    |    27 |       ||    27
       Ring mail         |    30 |    41 ||    71
Dodge: Dodged            |   111 |    80 ||   191

Table legend:
 A = Spawn XP
 B = Non-spawn XP
 C = Spawn XP percentage of total XP
 D = Spawn monster count
 E = Non-spawn monster count
 F = Spawn count percentage of total count
 G = Total turns spent on level
                    A         B        C        D         E        F      G
               +---------+---------+-------+---------+---------+-------+---------
         Total |       0 |     311 |   0.0 |       0 |      64 |   0.0 |  1900
               +---------+---------+-------+---------+---------+-------+---------
           D:1 |       0 |      71 |   0.0 |       0 |      30 |   0.0 |   995
           D:2 |       0 |      45 |   0.0 |       0 |      14 |   0.0 |   277
           D:3 |       0 |     192 |   0.0 |       0 |      18 |   0.0 |   609
           D:4 |       0 |       3 |   0.0 |       0 |       2 |   0.0 |    19
               +---------+---------+-------+---------+---------+-------+---------
